 Dungeon Crawl Stone Soup version 0.21.1-1-g345015fe64 (webtiles) character file.

1620 Vestris the Vexing (level 8, -2/61 HPs)
             Began as a Gnoll Arcane Marksman on June 28, 2018.
             Slain by a wolf spider zombie (12 damage)
             ... on level 7 of the Dungeon.
             The game lasted 00:42:37 (7258 turns).

Vestris the Vexing (Gnoll Arcane Marksman)          Turns: 7258, Time: 00:42:39

Health: -2/61      AC:  8    Str: 13    XL:     8   Next: 96%
Magic:  2/6        EV: 15    Int: 19    God:
Gold:   259        SH:  0    Dex: 17    Spells: 15/16 levels left

rFire    + . .     SeeInvis .   h - +3 scimitar (freeze) (curse)
rCold    . . .     Gourm    .   (no shield)
rNeg     . . .     Faith    .   O - +3 leather armour of Generosity {rC+ MP-9 Slay+3 Stlth+}
rPois    .         Spirit   .   (no helmet)
rElec    .         Reflect  .   (no cloak)
rCorr    .         Harm     .   p - +0 pair of gloves
MR       .....                  u - +0 pair of boots
Stlth    +++.......             (no amulet)
HPRegen  0.20/turn              B - ring of fire
MPRegen  0.10/turn              G - +3 ring of intelligence

@: no status effects
A: distributed training, fangs 1, strong nose
a: no special abilities


You were on level 7 of the Dungeon.
You were not hungry.

You visited 1 branch of the dungeon, and saw 7 of its levels.

You collected 287 gold pieces.
You spent 28 gold pieces at shops.

Inventory:

Hand Weapons
 a - a +0 hand crossbow
 g - a +4 dagger
 h - a cursed +3 scimitar of freezing (weapon)
 v - a +4 mace
 y - a +3 dagger of venom
Missiles
 b - 103 arrows
 d - 101 bolts
 r - 104 stones (quivered)
 D - 4 tomahawks
Armour
 e - a +0 robe
 p - a +0 pair of gloves (worn)
 u - a +0 pair of boots (worn)
 K - a +1 leather armour of fire resistance
 O - the +3 leather armour of Generosity (worn) {rC+ MP-9 Slay+3 Stlth+}
   (You found it on level 7 of the Dungeon)

   It affects your accuracy and damage with ranged weapons and melee attacks
   (+3).
   It protects you from cold.
   It affects your magic capacity (-9).
   It makes you more stealthy.
Jewellery
 B - a ring of fire (left hand)
 G - a +3 ring of intelligence (right hand)
 J - a +2 ring of evasion
Wands
 j - a wand of enslavement (13)
 k - a wand of disintegration (9)
 o - a wand of acid (4)
 w - a wand of polymorph (14)
 F - a wand of digging (15)
 L - a wand of iceblast (10)
Scrolls
 l - 2 scrolls of teleportation
 n - a scroll of immolation
 t - 3 scrolls of enchant armour
 z - a scroll of magic mapping
 C - 2 scrolls of amnesia
 E - 2 scrolls of fear
 H - 2 scrolls of enchant weapon
 M - a scroll of identify
 N - a scroll of remove curse
Potions
 i - a potion of mutation
 m - a potion of flight
 q - 6 potions of curing
 s - a potion of lignification
 x - a potion of might
 A - a potion of brilliance {unknown}
 I - 2 potions of magic {unknown}
 Q - a potion of resistance
 R - a potion of cancellation {unknown}
Books
 c - a book of Debilitation

   Spells                             Type                      Level
   a - Corona                         Hexes                        1
   b - Slow                           Hexes                        2
   c - Inner Flame                    Hexes/Fire                   3
   d - Portal Projectile              Hexes/Translocation          3
   e - Cause Fear                     Hexes                        4
   f - Leda's Liquefaction            Hexes/Earth                  4
 P - a book of Callings

   Spells                             Type                      Level
   a - Summon Small Mammal            Summoning                    1
   b - Call Imp                       Summoning                    2
   c - Call Canine Familiar           Summoning                    3
   d - Summon Guardian Golem          Hexes/Summoning              3
   e - Summon Lightning Spire         Summoning/Air                4
   f - Summon Ice Beast               Ice/Summoning                4
Comestibles
 f - 12 rations
 S - a chunk of flesh


   Skills:
 + Level 4.5 Fighting
 + Level 3.6 Short Blades
 + Level 3.6 Long Blades
 + Level 3.6 Axes
 + Level 3.6 Maces & Flails
 + Level 3.6 Polearms
 + Level 3.6 Staves
 + Level 3.6 Slings
 + Level 3.6 Bows
 + Level 5.9 Crossbows
 + Level 3.6 Throwing
 + Level 3.6 Armour
 + Level 5.9 Dodging
 + Level 3.6 Stealth
 + Level 3.6 Shields
 + Level 3.6 Unarmed Combat
 + Level 4.6 Spellcasting
 + Level 3.0 Conjurations
 + Level 6.3 Hexes
 + Level 3.0 Charms
 + Level 3.0 Summonings
 + Level 3.0 Necromancy
 + Level 3.0 Translocations
 + Level 3.0 Transmutations
 + Level 3.0 Fire Magic
 + Level 3.0 Ice Magic
 + Level 3.0 Air Magic
 + Level 3.0 Earth Magic
 + Level 3.0 Poison Magic
 + Level 4.0 Invocations
 + Level 3.6 Evocations


You had 15 spell levels left.
You knew the following spells:

 Your Spells              Type           Power        Failure   Level  Hunger
a - Corona                Hex            ####...      1%          1    None


Dungeon Overview and Level Annotations

Branches:
Dungeon (7/15)
 Temple: D:4-7

Altars:
Ashenzari
Dithmenos
Fedhas
Kikubaaqudgha
Nemelex Xobeh
Qazlal
Trog
Uskayaw

Shops:
D:5 :   D:6 ?


Innate Abilities, Weirdness & Mutations

Your experience applies equally to all skills.
You have very sharp teeth.
Your uncanny sense of smell can sniff out nearby items.


Message History

The wolf spider zombie is lightly damaged.
The wolf spider zombie hits you!
* * * LOW HITPOINT WARNING * * *
The wolf spider zombie bites you.
* * * LOW HITPOINT WARNING * * *
The wolf spider zombie completely misses you.
You riposte.
You hit the wolf spider zombie.
The wolf spider zombie is moderately damaged.
The wolf spider zombie bites you but does no damage.
Aiming: Corrosive Bolt
Press: ? - help, Shift-Dir - straight line, f - shadow imp, p - wolf spider zombie
Aim: a shadow imp The bolt of acid hits the wolf spider zombie.
The wolf spider zombie is splashed with acid.
The wolf spider zombie is heavily damaged.
The bolt of acid hits the shadow imp.
The shadow imp is splashed with acid.
The acid corrodes the shadow imp!
You kill the shadow imp!
The wolf spider zombie hits you!
You die...

#.###..#.#.#############.#
#.####.#.#.# #.#
#.#......#.# #####.#
#........#.# #.....#
......#..#.# #####.#####
########.#.# #.....# .#
#...# #.######## .# ##..#
#.# .. .# #..# #@# .# .#
#..# ##Z#####!# .# ##>#
#....5...# .# ###
#.######4# .# #. .# ## #.
ZP #.


85P #. 8.Z. #. ....P You could see a wolf spider zombie.

Vanquished Creatures
  Prince Ribbit (D:5)
  Eustachio (D:6)
  Duvessa (D:7)
  A sky beast (D:7)
  2 bullfrogs
  Dowan (D:7)
  2 scorpions
  5 wights (D:6)
  4 crimson imps
  A bullfrog skeleton (D:5)
  2 hounds
  An orc priest (D:2)
  Terence (D:2)
  An orc wizard (D:3)
  4 worker ants
  A hound skeleton (D:6)
  7 adders
  A shadow imp (D:7)
  2 oozes
  An adder zombie (D:4)
  2 worms
  2 dart slugs
  3 leopard geckos
  11 orcs
  7 bats
  7 giant cockroaches
  5 goblins
  6 hobgoblins
  3 jackals (D:4)
  A quokka (D:6)
  A ball python (D:5)
  6 frilled lizards
  A jackal skeleton (D:3)
  A jackal zombie (D:6)
  5 kobolds
  8 rats
109 creatures vanquished.

Notes
Turn   | Place    | Note
-------+----------+-------------------------------------------
     0 | D:1      | Vestris the Gnoll Arcane Marksman began the quest for the Orb.
     0 | D:1      | Reached XP level 1. HP: 17/17 MP: 4/4
    78 | D:1      | Reached XP level 2. HP: 20/23 MP: 5/5
   619 | D:1      | Reached XP level 3. HP: 27/28 MP: 7/7
  1243 | D:2      | Reached skill level 1 in Invocations
  1290 | D:2      | Reached skill level 1 in Short Blades
  1290 | D:2      | Reached skill level 1 in Long Blades
  1290 | D:2      | Reached skill level 1 in Axes
  1290 | D:2      | Reached skill level 1 in Maces & Flails
  1290 | D:2      | Reached skill level 1 in Polearms
  1290 | D:2      | Reached skill level 1 in Staves
  1290 | D:2      | Reached skill level 1 in Slings
  1290 | D:2      | Reached skill level 1 in Bows
  1290 | D:2      | Reached skill level 1 in Throwing
  1290 | D:2      | Reached skill level 1 in Armour
  1290 | D:2      | Reached skill level 1 in Stealth
  1290 | D:2      | Reached skill level 1 in Shields
  1290 | D:2      | Reached skill level 1 in Unarmed Combat
  1290 | D:2      | Reached skill level 1 in Evocations
  1290 | D:2      | Reached XP level 4. HP: 14/34 MP: 8/8
  1306 | D:2      | Noticed Terence
  1632 | D:2      | Killed Terence
  2240 | D:3      | Reached skill level 1 in Conjurations
  2240 | D:3      | Reached skill level 1 in Charms
  2240 | D:3      | Reached skill level 1 in Summonings
  2240 | D:3      | Reached skill level 1 in Necromancy
  2240 | D:3      | Reached skill level 1 in Translocations
  2240 | D:3      | Reached skill level 1 in Transmutations
  2240 | D:3      | Reached skill level 1 in Fire Magic
  2240 | D:3      | Reached skill level 1 in Ice Magic
  2240 | D:3      | Reached skill level 1 in Air Magic
  2240 | D:3      | Reached skill level 1 in Earth Magic
  2240 | D:3      | Reached skill level 1 in Poison Magic
  2312 | D:3      | Noticed a bullfrog
  2332 | D:2      | Killed a bullfrog
  2332 | D:2      | Reached XP level 5. HP: 4/41 MP: 7/9
  3084 | D:3      | Reached XP level 6. HP: 35/47 MP: 8/10
  3104 | D:3      | Found a hide-covered altar of Uskayaw.
  3826 | D:4      | Reached skill level 5 in Crossbows
  3826 | D:4      | Reached skill level 5 in Dodging
  4297 | D:5      | Entered Level 5 of the Dungeon
  4409 | D:5      | Found Wasoso's Book Shoppe.
  4434 | D:5      | Reached XP level 7. HP: 52/52 MP: 9/12
  4525 | D:5      | Found a shadowy altar of Dithmenos.
  4633 | D:5      | Noticed Prince Ribbit
  4644 | D:5      | Killed Prince Ribbit
  5049 | D:5      | Found a blossoming altar of Fedhas.
  5058 | D:5      | Found a shattered altar of Ashenzari.
  5076 | D:5      | Found an ancient bone altar of Kikubaaqudgha.
  5078 | D:5      | Found a stormy altar of Qazlal.
  5543 | D:6      | Reached XP level 8. HP: 51/60 MP: 14/14
  5631 | D:6      | Reached skill level 6 in Hexes
  6011 | D:6      | Found a bloodstained altar of Trog.
  6073 | D:6      | Found Ycu Wauwass's Magic Scroll Boutique.
  6081 | D:6      | Bought a scroll of identify for 28 gold pieces
  6186 | D:6      | Noticed Eustachio
  6567 | D:6      | Killed Eustachio
  6752 | D:7      | Found a sparkling altar of Nemelex Xobeh.
  6782 | D:7      | Noticed Duvessa
  6783 | D:7      | Noticed Dowan
  6797 | D:7      | Killed Duvessa
  6815 | D:7      | Killed Dowan
  7201 | D:7      | Got an encrusted leather armour
  7212 | D:7      | Identified the +3 leather armour of Generosity {rC+ MP-9 Slay+3 Stlth+} (You found it on level 7 of the Dungeon)
  7248 | D:7      | Noticed a hellwing
  7258 | D:7      | Slain by a wolf spider zombie

Skill      XL: |  1  2  3  4  5  6  7  8 |
---------------+-------------------------+-----
Invocations    | 1 2 3 4 |  4.0
Short Blades   | 1 2 3 |  3.6
Long Blades    | 1 2 3 |  3.6
Axes           | 1 2 3 |  3.6
Maces & Flails | 1 2 3 |  3.6
Polearms       | 1 2 3 |  3.6
Staves         | 1 2 3 |  3.6
Slings         | 1 2 3 |  3.6
Bows           | 1 2 3 |  3.6
Throwing       | 1 2 3 |  3.6
Armour         | 1 2 3 |  3.6
Stealth        | 1 2 3 |  3.6
Shields        | 1 2 3 |  3.6
Unarmed Combat | 1 2 3 |  3.6
Evocations     | 1 2 3 |  3.6
Spellcasting   | 3 4 |  4.6
Conjurations   | 1 2 3 |  3.0
Charms         | 1 2 3 |  3.0
Summonings     | 1 2 3 |  3.0
Necromancy     | 1 2 3 |  3.0
Translocations | 1 2 3 |  3.0
Transmutations | 1 2 3 |  3.0
Fire Magic     | 1 2 3 |  3.0
Ice Magic      | 1 2 3 |  3.0
Air Magic      | 1 2 3 |  3.0
Earth Magic    | 1 2 3 |  3.0
Poison Magic   | 1 2 3 |  3.0
Fighting       | 3 4 |  4.5
Crossbows      | 5 |  5.9
Dodging        | 5 |  5.9
Hexes          | 6 |  6.3

Action                   |  1- 3 |  4- 6 |  7- 9 || total
-------------------------+-------+-------+-------++-------
Melee: Dagger            |       |    88 |   116 ||   204
       Bite              |       |    12 |    21 ||    33
       Punch             |       |       |     3 ||     3
       Scimitar          |       |       |    61 ||    61
 Fire: Hand crossbow     |    45 |    60 |       ||   105
Throw: Stone             |   165 |    39 |       ||   204
 Cast: Corona            |       |    30 |    41 ||    71
Evoke: Wand              |       |       |     5 ||     5
  Use: Scroll            |       |    13 |     6 ||    19
       Potion            |       |       |     1 ||     1
 Stab: Sleeping          |       |     1 |     2 ||     3
  Eat: Chunk             |     1 |     6 |     6 ||    13
       Ration            |       |     1 |     1 ||     2
Armor: Robe              |    13 |       |       ||    13
       Ring mail         |       |    37 |    16 ||    53
       Leather armour    |       |       |    27 ||    27
Dodge: Dodged            |    93 |   118 |   108 ||   319
       Rpst.: Scimitar   |       |       |    17 ||    17
